 Dungeon Crawl Stone Soup version 0.20.0-15-g7f486f2 (webtiles) character file.

25540 Kosschaser the Severer (level 13, 0/122 HPs)
             Began as a Hill Orc Monk on June 21, 2017.
             Was an Elder of Makhleb.
             Slain by marsu's ghost (23 damage)
             ... on level 5 of the Lair of Beasts on June 24, 2017.
             The game lasted 01:06:47 (18679 turns).

Kosschaser the Severer (Hill Orc Monk)             Turns: 18679, Time: 01:06:47

Health: 0/122      AC: 21    Str: 19    XL:     13   Next: 20%
Magic:  17/17      EV: 13    Int: 14    God:    Makhleb [****..]
Gold:   936        SH:  0    Dex: 13    Spells: 11/12 levels left

rFire    + . .     SeeInvis .   H - +2 hand axe (chop)
rCold    . . .     Gourm    .   (no shield)
rNeg     . . .     Faith    .   j - +0 chain mail
rPois    .         Spirit   .   o - +2 hat
rElec    .         Reflect  .   M - +0 cloak
rCorr    .         Harm     .   z - +1 pair of gloves
MR       .....                  v - +0 pair of boots
Stlth    ..........             (no amulet)
Regen    0.3/turn               k - ring of protection from fire
MPRegen  0.2/turn               N - +4 ring of slaying

@: lethally poisoned (0 -> 0)
A: repulsion field 1, clever 2, shaggy fur 1
a: Minor Destruction, Lesser Servant of Makhleb, Major Destruction, Renounce
Religion


You were on level 5 of the Lair of Beasts.
You worshipped Makhleb.
Makhleb was greatly pleased with you.
You were not hungry.

You visited 3 branches of the dungeon, and saw 16 of its levels.
You also visited: Labyrinth.

You collected 936 gold pieces.

Inventory:

Hand Weapons
 H - a +2 hand axe of chopping (weapon)
Armour
 j - a +0 chain mail (worn)
 o - a +2 hat (worn)
 v - a +0 pair of boots (worn)
 z - a +1 pair of gloves (worn)
 M - a +0 cloak (worn)
Jewellery
 k - a ring of protection from fire (left hand)
 w - an uncursed ring of protection from cold
 N - a +4 ring of slaying (right hand)
Wands
 y - a wand of confusion (23/48)
 C - a wand of confusion (23/48)
 D - a wand of iceblast (3/15)
 F - a wand of enslavement (6/24)
 G - a wand of confusion (30/48)
 K - a wand of random effects (18/48)
 P - a wand of iceblast (8/15)
Scrolls
 a - 6 scrolls of magic mapping
 e - 5 scrolls of recharging
 g - 2 scrolls of fog
 h - a scroll of identify
 l - 6 scrolls of enchant weapon
 n - 3 scrolls of fear
 t - 6 scrolls of remove curse
 B - 2 scrolls of amnesia
 O - a scroll of enchant armour {unknown}
Potions
 b - 4 potions of heal wounds
 d - 7 potions of curing
 i - 5 potions of mutation {unknown}
 m - a potion of ambrosia {unknown}
 q - 2 potions of degeneration {unknown}
 s - 5 potions of flight
 u - 4 potions of agility {unknown}
 L - 3 potions of brilliance {unknown}
Books
 J - a book of Flames

   Spells                             Type                      Level
   a - Flame Tongue                   Conjuration/Fire             1
   b - Throw Flame                    Conjuration/Fire             2
   c - Conjure Flame                  Conjuration/Fire             3
   d - Inner Flame                    Hexes/Fire                   3
   e - Sticky Flame                   Conjuration/Fire             4
   f - Fireball                       Conjuration/Fire             5
Comestibles
 c - 12 bread rations
 f - 9 royal jellies
 p - 4 meat rations
 r - 18 fruits


   Skills:
 + Level 13.0 Fighting
 + Level 16.5 Axes
 + Level 12.3 Armour
 + Level 5.8 Dodging
 - Level 1.5 Stealth
 + Level 6.2 Invocations


You had 11 spell levels left.
You knew the following spells:

 Your Spells              Type           Power        Failure   Level  Hunger
a - Flame Tongue          Conj/Fire      #....        89%         1    ##.....


Dungeon Overview and Level Annotations

Branches:
Dungeon (10/15)            Temple (1/1) D:7            Lair (5/6) D:10
 Shoals (0/4) Lair:2        Snake (0/4) Lair:4
  Slime: Lair:5-6       Orc: D:9-12

Altars:
Ashenzari
Cheibriados
Dithmenos
Elyvilon
Fedhas
Hepliaklqana
Kikubaaqudgha
Makhleb
Nemelex Xobeh
Okawaru
Sif Muna
Trog
Uskayaw
Vehumet
Xom
Yredelemnul
The Shining One

Shops:
D:5 [   D:6 [

Annotations:
D:10 Josephine
Lair:1 exclusion: 5 oklob plants
Lair:5 marsu's ghost, journeyman MiBe


Innate Abilities, Weirdness & Mutations

You are surrounded by a mild repulsion field. (EV +2)
Your mind is very acute. (Int +4)
You are covered in fur. (AC +1)


Message History

Marsu's ghost hits your iron imp but does no damage.
Your iron imp completely misses marsu's ghost.
Your neqoxec closely misses marsu's ghost.
Your iron imp hits marsu's ghost.
Marsu's ghost says, "Try not to bleed too much."
Marsu's ghost hits your iron imp.
Your neqoxec gestures.
Your iron imp hits marsu's ghost.
Your iron imp barely misses marsu's ghost.
Marsu's ghost hits your iron imp.
You closely miss marsu's ghost.
Marsu's ghost is heavily damaged.
Your neqoxec hits marsu's ghost.
Your iron imp hits marsu's ghost but does no damage.
You hit marsu's ghost.
Marsu's ghost is heavily damaged.
You feel sick.
Your white imp closely misses marsu's ghost.
Marsu's ghost hits you!!
You die...

............###### ###..P#...
..........##.#.#.# ##^.......
........#.#.<.#.## #.........
........#.......### ##........
............⌠.....## ###.........
......#....####....###P..........
...##...##. ##...##............
.. ...# ###.##.................
... ##...#3@....#†..........
.....5W5...†.†.#........
⌠..>..⌠5....†...........
.............+.##......
##...##......### ...... ##.#
##...### ....... . #...##....#
....... ...#.#.#...### ##.......
.....⌠.....# #...#....


You could see marsu's ghost, a friendly neqoxec, 2 friendly iron imps and a
friendly white imp.

Vanquished Creatures
  Harold (D:10)
  3 two-headed ogres
  4 elephants
  A torpor snail (Lair:1)
  7 spiny frogs
  3 black mambas
  6 komodo dragons
  3 rime drakes
  A polar bear (Lair:5)
  11 blink frogs
  4 hippogriffs
  2 wraiths (D:9)
  A wyvern (D:9)
  3 basilisks
  25 yaks
  A hungry ghost (D:8)
  Eustachio (D:6)
  3 nagas (Lair:4)
  A soldier ant (D:8)
  9 water moccasins
  3 ice beasts (D:7)
  A slave (D:4)
  6 porcupines
  2 sky beasts
  2 orc warriors
  2 black bears
  2 phantoms (D:10)
  6 wolves (Lair:4)
  6 centaurs
  4 ogres
  11 crocodiles
  A big kobold (D:7)
  9 bullfrogs
  A wyvern skeleton (D:7)
  2 scorpions
  5 killer bees (D:9)
  4 wights (D:7)
  5 howler monkeys
  3 crimson imps
  3 hounds
  2 jellies
  A quasit (D:9)
  A gnoll shaman (D:7)
  4 orc priests
  3 bullfrog skeletons
  2 centaur skeletons
  3 orc wizards
  3 iguanas
  11 worker ants
  A hound zombie (D:6)
  7 gnolls
  12 adders
  An adder zombie (D:7)
  An adder skeleton (D:4)
  2 worms
  5 dart slugs
  4 leopard geckos
  31 orcs
  12 bats
  4 giant cockroaches
  13 goblins
  10 hobgoblins
  8 jackals
  14 kobolds
  5 quokkas
  3 ball pythons
  5 frilled lizards
  A jackal skeleton (D:4)
  A leopard gecko skeleton (D:8)
  A leopard gecko zombie (D:7)
  7 rats
  A bush (Lair:1)
  A butterfly (Lair:1)
  6 fungi
  6 plants
360 creatures vanquished.

Vanquished Creatures (collateral kills)
  A minotaur (Lab)
  A hydra (Lair:2)
2 creatures vanquished.

Vanquished Creatures (others)
  A howler monkey (D:5)
  An orc (D:10)
  7 fungi
  4 plants
  4 toadstools (D:1)
17 creatures vanquished.

Grand Total: 379 creatures vanquished

Notes
Turn   | Place    | Note
-------+----------+-------------------------------------------
     0 | D:1      | Kosschaser the Hill Orc Monk began the quest for the Orb.
     0 | D:1      | Reached XP level 1. HP: 19/19 MP: 1/1
    52 | D:1      | Reached XP level 2. HP: 25/27 MP: 2/2
   298 | D:1      | Reached XP level 3. HP: 30/33 MP: 3/3
   931 | D:2      | Reached XP level 4. HP: 32/40 MP: 4/4
  1397 | D:2      | Reached skill level 5 in Axes
  1941 | D:3      | Reached XP level 5. HP: 42/46 MP: 5/5
  2244 | D:4      | Reached skill level 1 in Armour
  2303 | D:5      | Entered Level 5 of the Dungeon
  2559 | D:5      | Found a white marble altar of Elyvilon.
  2559 | D:5      | Found a snail-covered altar of Cheibriados.
  2938 | D:4      | Noticed a slave
  2942 | D:4      | Reached skill level 6 in Axes
  2942 | D:4      | Reached XP level 6. HP: 42/53 MP: 6/6
  2979 | D:4      | HP: 1/53 [slave[Pikel] (4)]
  3034 | D:4      | Killed a slave
  3702 | D:4      | Noticed a sky beast
  3729 | D:4      | Killed a sky beast
  3729 | D:4      | Reached skill level 5 in Fighting
  3729 | D:4      | Reached skill level 7 in Axes
  3733 | D:4      | Gained mutation: You are covered in fur. (AC +1) [mutagenic meat]
  3734 | D:4      | Gained mutation: Your mind is acute. (Int +2) [mutagenic meat]
  3735 | D:4      | Gained mutation: You have a pair of small horns on your head. [mutagenic meat]
  3737 | D:4      | Gained mutation: Your mind is very acute. (Int +4) [mutagenic meat]
  3847 | D:4      | Reached XP level 7. HP: 38/61 MP: 7/7
  4598 | D:5      | Found a white marble altar of Elyvilon.
  4724 | D:5      | Found Zoqoante's Armour Boutique.
  4820 | D:5      | Reached skill level 8 in Axes
  5329 | D:6      | Noticed Eustachio
  5344 | D:6      | Reached XP level 8. HP: 43/70 MP: 8/8
  5358 | D:6      | Killed Eustachio
  5358 | D:6      | Reached skill level 9 in Axes
  5717 | D:6      | Found Wishrylu's Armour Shop.
  6027 | D:6      | Reached skill level 10 in Axes
  6251 | D:7      | Reached skill level 5 in Armour
  6276 | D:7      | Reached XP level 9. HP: 18/78 MP: 9/9
  6279 | D:7      | Reached skill level 11 in Axes
  6719 | D:7      | Found a staircase to the Ecumenical Temple.
  6725 | Temple   | Entered the Ecumenical Temple
  6809 | Temple   | Became a worshipper of Makhleb the Destroyer
  6809 | Temple   | Reached * piety under Makhleb
  6809 | Temple   | Reached ** piety under Makhleb
  7318 | D:8      | Reached skill level 12 in Axes
  7346 | D:8      | Found a shadowy altar of Dithmenos.
  7468 | D:8      | Reached skill level 1 in Invocations
  7773 | D:8      | Found a hide-covered altar of Uskayaw.
  7773 | D:8      | Found a blossoming altar of Fedhas.
  7776 | D:8      | Found a shadowy altar of Dithmenos.
  8155 | D:8      | Lost mutation: You have a pair of small horns on your head. [mutagenic meat]
  8156 | D:8      | Gained mutation: You are surrounded by a mild repulsion field. (EV +2) [mutagenic meat]
  8205 | D:8      | Noticed a two-headed ogre
  8313 | D:8      | Noticed a two-headed ogre
  8912 | D:9      | Reached *** piety under Makhleb
  8912 | D:9      | Reached XP level 10. HP: 48/88 MP: 11/11
  9167 | D:9      | Noticed a two-headed ogre
  9177 | D:9      | Killed a two-headed ogre
  9177 | D:9      | Reached skill level 13 in Axes
  9543 | D:9      | Noticed a two-headed ogre
  9555 | D:9      | Killed a two-headed ogre
  9555 | D:9      | Reached skill level 14 in Axes
  9858 | D:8      | Killed a two-headed ogre
 10202 | D:8      | Reached XP level 11. HP: 86/97 MP: 13/13
 10365 | D:10     | Entered Level 10 of the Dungeon
 10365 | D:10     | Found a staircase to the Lair.
 10365 | D:10     | Noticed Josephine
 10612 | D:10     | Noticed Harold
 10635 | D:10     | Killed Harold
 10733 | D:10     | Reached skill level 15 in Axes
 11177 | Lair:1   | Entered Level 1 of the Lair of Beasts
 11191 | Lair:1   | Found a labyrinth entrance.
 11196 | Lab      | Entered a labyrinth
 12440 | Lab      | Noticed a minotaur
 12448 | Lab      | Killed a minotaur
 12448 | Lab      | Reached skill level 10 in Fighting
 12458 | Lab      | Identified the Grimoire of Curses
 12480 | Lair:1   | Learned a level 1 spell: Flame Tongue
 12783 | Lair:1   | Noticed an oklob plant
 12821 | Lair:1   | Reached skill level 5 in Dodging
 13245 | Lair:1   | Found a blossoming altar of Fedhas.
 13269 | Lair:1   | Noticed an oklob plant
 13743 | Lair:1   | Noticed an oklob plant
 13743 | Lair:1   | Noticed an oklob plant
 13743 | Lair:1   | Noticed an oklob plant
 14073 | Lair:2   | Found a staircase to the Shoals.
 14134 | Lair:2   | Noticed a seven-headed hydra
 14143 | Lair:2   | Killed a seven-headed hydra
 14143 | Lair:2   | Reached skill level 5 in Invocations
 14343 | Lair:2   | Reached skill level 10 in Armour
 14343 | Lair:2   | Reached XP level 12. HP: 44/108 MP: 15/15
 14900 | Lair:2   | Reached **** piety under Makhleb
 15084 | Lair:2   | Reached skill level 16 in Axes
 15231 | Lair:2   | Noticed a five-headed hydra
 16235 | Lair:3   | Noticed a four-headed hydra
 16248 | Lair:3   | Noticed a seven-headed hydra
 17148 | Lair:4   | Found a staircase to the Snake Pit.
 17357 | Lair:4   | Reached XP level 13. HP: 70/119 MP: 17/17
 18660 | Lair:5   | Noticed marsu's ghost (journeyman MiBe)
 18679 | Lair:5   | Slain by marsu's ghost

Skill      XL: |  1  2  3  4  5  6  7  8  9 10 11 12 13 |
---------------+----------------------------------------+-----
Dodging        | 3 4 5 |  5.8
Fighting       | 4 5 6 7 9 10 12 13 | 13.0
Axes           | 5 6 7 8 10 12 14 15 16 | 16.5
Armour         | 1 2 4 5 6 8 10 11 12 | 12.3
Invocations    | 2 3 5 6 |  6.2
Stealth        | |  1.5

Action                   |  1- 3 |  4- 6 |  7- 9 | 10-12 | 13-15 || total
-------------------------+-------+-------+-------+-------+-------++-------
Melee: Hand axe          |   106 |   359 |    65 |   750 |   104 ||  1384
       Headbutt          |       |     1 |    65 |       |       ||    66
       War axe           |       |       |   192 |       |       ||   192
       Battleaxe         |       |       |   173 |   169 |       ||   342
Invok: Minor Destruction |       |       |    17 |    12 |       ||    29
       Lesser Servant of |       |       |       |     4 |     1 ||     5
Evoke: Wand              |       |       |       |       |     1 ||     1
  Use: Scroll            |       |       |    12 |     5 |     2 ||    19
       Potion            |       |       |       |     1 |       ||     1
 Stab: Sleeping          |     1 |       |       |       |       ||     1
       Distracted        |       |       |     1 |     3 |       ||     4
  Eat: Chunk             |       |    16 |    21 |    14 |     4 ||    55
       Meat ration       |       |       |       |     3 |       ||     3
Armor: Robe              |    16 |       |       |       |       ||    16
       Chain mail        |     3 |   200 |   307 |   351 |    22 ||   883
Dodge: Dodged            |    81 |   132 |   245 |   389 |    39 ||   886
